 Dungeon Crawl Stone Soup version 0.16.0 (webtiles) character file.

592 Fiveotanaka the Basher (level 7, -3/61 HPs)
             Began as a Deep Dwarf Fighter on Mar 19, 2015.
             Killed by nerve-wracking pain
             ... invoked by Menkaure
              (11 damage)
             ... on level 4 of the Dungeon.
             The game lasted 00:07:42 (2044 turns).

Fiveotanaka the Basher (Deep Dwarf Fighter)         Turns: 2044, Time: 00:07:42

Health: -3/61      AC: 12    Str: 19    XL:     7   Next: 16%
Magic:  16/16      EV:  3    Int:  9    God:
Gold:   196        SH:  9    Dex: 14    Spells: 0 memorised, 6 levels left

rFire  . . .     SeeInvis .     b - +0 whip (vamp)
rCold  . . .     Clarity  .     u - +0 plate armour
rNeg   + . .     SustAb   .     c - +0 shield
rPois  .         Gourm    .     (no helmet)
rElec  .         Spirit   .     v - +0 cloak
rCorr  .         Warding  .     (no gloves)
rMut   .         Stasis   .     (no boots)
MR     +....                    (no amulet)
Stlth  ..........               m - ring of positive energy
                                j - ring of magical power

@: non-regenerating, somewhat resistant to hostile enchantments, extremely
unstealthy
A: damage resistance, recharge devices, sense surroundings 1, slow healing 3
a: Device Recharging


You were on level 4 of the Dungeon.
You were not hungry.

You visited 1 branch of the dungeon, and saw 4 of its levels.

You collected 196 gold pieces.

Inventory:

Hand weapons
 a - a +0 flail
 b - a +0 vampiric whip (weapon)
Armour
 c - a +0 shield (worn)
 u - a +0 plate armour (worn)
 v - a +0 cloak (worn)
Jewellery
 j - a ring of magical power (left hand)
 m - a ring of positive energy (right hand)
Magical devices
 d - a wand of heal wounds (3)
 o - a wand of random effects (17)
Scrolls
 h - 2 scrolls of enchant weapon {unknown}
 k - 2 scrolls of identify
 n - 2 scrolls of recharging {unknown}
 r - 2 scrolls of remove curse {unknown}
 t - a scroll of fog {unknown}
 x - a scroll of magic mapping {unknown}
Potions
 e - 3 potions of might
 g - a potion of restore abilities {unknown}
 i - 2 potions of curing
 q - 2 potions of mutation {unknown}
 s - a potion of berserk rage {unknown}
Books
 y - a book of Conjurations

   Spells                             Type                      Level
   a - Magic Dart                     Conjuration                  1
   b - Searing Ray                    Conjuration                  2
   c - Dazzling Spray                 Conjuration/Hexes            3
   d - Fulminant Prism                Conjuration/Hexes            4
   e - Iskenderun's Mystic Blast      Conjuration                  4
   f - Iskenderun's Battlesphere      Conjuration/Charms           5
Comestibles
 f - 3 bread rations
 l - 2 beef jerkies
 p - a slice of pizza
 w - 2 chunks of flesh
 z - a meat ration
 A - a fruit


   Skills:
 - Level 2.6 Fighting
 + Level 8.0 Maces & Flails
 - Level 3.2 Armour
 - Level 3.2 Shields


You had 6 spell levels left.
You didn't know any spells.

Dungeon Overview and Level Annotations

Branches:
Dungeon (4/15)
 Temple: D:4-7

Altars:
Ru

Annotations:
D:2 Sigmund
D:4 Menkaure


Innate Abilities, Weirdness & Mutations

You are resistant to damage.
You can recharge devices by infusing magical energy.
You passively map a small area around you.
You do not heal naturally.


Message History

Menkaure is moderately damaged.
You block Menkaure's attack.
You hit Menkaure.
Menkaure is heavily damaged.
You closely miss Menkaure.
Menkaure is heavily damaged.
Menkaure hits you!
You hit Menkaure but do no damage.
Menkaure is heavily damaged.
Your shield and plate armour prevent you from hitting Menkaure.
Menkaure is heavily damaged.
Menkaure hits you!!
* * * LOW HITPOINT WARNING * * *
You hit Menkaure.
Menkaure is severely damaged.
You hit Menkaure but do no damage.
Menkaure is severely damaged.
Menkaure points at you and mumbles some strange words.
Pain shoots through your body!
You die...

#....>##...........
.####.#...##........# *
....#........)......#
#....#.#..##.......####
#.........######.......
#....#.#.#######.#####.
*,#.#....#.........#, ,
, #....#.#############
, ######..@M....... ,
############ * *


You could see Menkaure.

Vanquished Creatures
  2 ogres (D:4)
  The ghost of edsrzf the Grasshopper, an average OpWr (D:4)
  2 orc wizards (D:3)
  Crazy Yiuf (D:4)
  An orc priest (D:3)
  A giant frog skeleton (D:4)
  2 worker ants
  A hound skeleton (D:4)
  Robin (D:3)
  6 adders (D:3)
  An adder skeleton (D:4)
  3 giant geckos
  7 orcs (D:3)
  4 bats
  9 goblins
  9 hobgoblins
  4 jackals
  3 ball pythons
  4 giant cockroaches
  2 giant newts (D:3)
  6 kobolds
  4 rats
74 creatures vanquished.

Notes
Turn   | Place    | Note
--------------------------------------------------------------
     0 | D:1      | Fiveotanaka, the Deep Dwarf Fighter, began the quest for the Orb.
     0 | D:1      | Reached XP level 1. HP: 20/20 MP: 1/1
   247 | D:1      | Reached XP level 2. HP: 25/27 MP: 2/2
   674 | D:2      | Found a sacrificial altar of Ru.
   717 | D:2      | Noticed Sigmund
   747 | D:3      | Noticed Robin
   760 | D:3      | Killed Robin
   760 | D:3      | Reached XP level 3. HP: 9/33 MP: 3/3
   866 | D:3      | Reached skill level 4 in Maces & Flails
   988 | D:3      | Reached XP level 4. HP: 26/40 MP: 4/4
   994 | D:3      | Reached skill level 5 in Maces & Flails
  1027 | D:3      | Reached XP level 5. HP: 29/46 MP: 5/5
  1484 | D:4      | Noticed an ogre
  1492 | D:3      | Reached skill level 6 in Maces & Flails
  1556 | D:4      | Noticed edsrzf's ghost (average OpWr)
  1582 | D:4      | Killed edsrzf's ghost
  1582 | D:4      | Reached XP level 6. HP: 28/55 MP: 6/6
  1708 | D:4      | Noticed an ogre
  1715 | D:4      | Killed an ogre
  1715 | D:4      | Reached skill level 7 in Maces & Flails
  1809 | D:4      | Noticed Crazy Yiuf
  1824 | D:4      | Killed Crazy Yiuf
  2015 | D:4      | Killed an ogre
  2015 | D:4      | Reached skill level 8 in Maces & Flails
  2015 | D:4      | Reached XP level 7. HP: 29/61 MP: 7/7
  2034 | D:4      | Noticed Menkaure
  2044 | D:4      | Killed from afar by Menkaure

Action                   |  1- 3 |  4- 6 |  7- 9 || total
-------------------------+-------+-------+-------++-------
Melee: Flail             |   101 |    77 |       ||   178
       Whip              |       |   101 |     8 ||   109
Evoke: Wand              |     2 |       |       ||     2
  Use: Scroll            |     1 |       |       ||     1
  Eat: Chunk             |       |     4 |       ||     4
       Meat ration       |       |     1 |       ||     1
